 Dungeon Crawl Stone Soup version 0.32-a0-893-gf85d74f360 (webtiles) character file.

Game seed: 11134949527143603403

171 chukamok the Grave Robber (level 5, -2/35 HPs)
             Began as a Demonspawn Necromancer on Apr 3, 2024.
             Slain by a hobgoblin (6 damage)
             ... led by Robin
             ... on level 3 of the Dungeon.
             The game lasted 00:22:28 (2094 turns).

chukamok the Grave Robber (Demonspawn Necromancer)  Turns: 2094, Time: 00:22:28

Health: -2/35      AC:  3    Str:  9    XL:     5   Next: 26%
Magic:  3/10       EV: 11    Int: 19    God:
Gold:   282        SH:  0    Dex: 13    Spells: 6/10 levels left

rFire   x . .        o - +6 mace "Hific" {venom, rElec rF- Will+ Int+2}
rCold   . . .        (no shield)
rNeg    . . .        a - +0 robe
rPois   .            (no helmet)
rElec   +            (no cloak)
rCorr   .            (no gloves)
SInv    .            (no boots)
Will    +....        (no amulet)
Stlth   ++           (no ring)
HPRegen 0.25/turn    (no ring)
MPRegen 0.12/turn

%: no passive effects
@: no status effects
A: claws 1, powered by pain 1, sharp scales 1
a: no special abilities


You were on level 3 of the Dungeon.
You visited 1 branch of the dungeon, and saw 3 of its levels.

You collected 282 gold pieces.

Inventory:

Hand Weapons
 f - a +0 short sword
 o - the +6 mace "Hific" (weapon) {venom, rElec rF- Will+ Int+2}
   (You found it on level 2 of the Dungeon)

   Int+2:     It affects your intelligence (+2).
   rF-:       It makes you vulnerable to fire.
   rElec:     It insulates you from electricity.
   Will+:     It increases your willpower.
 q - the +4 rapier of the Loving Bear {flame, ^Fragile Fly rPois Will+++}
   (You took it off a hobgoblin on level 2 of the Dungeon)

   rPois:     It protects you from poison.
   Will+++:   It greatly increases your willpower.
   Fly:       It grants you flight.
   ^Fragile:  It will be destroyed if unequipped.
 u - a +0 trident of venom
Missiles
 g - 44 stones
 w - 4 poisoned darts
Armour
 a - a +0 robe (worn)
Jewellery
 y - a ring of ice
Talismans
 t - a flux talisman
Scrolls
 c - a scroll of amnesia {unknown}
 d - 2 scrolls of teleportation {unknown}
 e - a scroll of noise {unknown}
 i - a scroll of torment {unknown}
 j - a scroll of enchant armour {unknown}
 l - 5 scrolls of identify {unknown}
 r - a scroll of revelation {unknown}
 s - a scroll of fear {unknown}
 v - a scroll of silence {unknown}
 x - a scroll of immolation {unknown}
Potions
 b - a potion of magic
 h - 2 potions of curing {unknown}
 k - 2 potions of attraction {unknown}
 m - a potion of haste {unknown}
 n - a potion of heal wounds {unknown}
 p - a potion of enlightenment {unknown}
 z - a potion of cancellation {unknown}


   Skills:
 + Level 2.5 Dodging
 + Level 2.6 Stealth
 * Level 3.3 Spellcasting
 * Level 5.5 Necromancy


You had 6 spell levels left.
You knew the following spells:

 Your Spells              Type           Power      Damage    Failure   Level
a - Necrotise             Necr           96%        1d8       1%          1
b - Vampiric Draining     Necr           24%        2d7       4%          3

Your spell library contained the following spells:

 Spells                   Type           Power      Damage    Failure   Level
 Animate Dead             Necr           24%        N/A       16%         4
 Lesser Beckoning         Tloc           6%         N/A       22%         2
 Curse of Agony           Necr           24%        N/A       38%         5
 Maxwell's Portable Pile  Tloc           3%         2d(5-14)  41%         3
 Teleport Other           Tloc           3%         N/A       41%         3


Dungeon Overview and Level Annotations

Branches:
Dungeon (3/15)

Altars:
Qazlal
Ru
Trog

Shops:
D:2 [

Annotations:
D:3 Robin


Innate Abilities, Weirdness & Mutations

You have sharp fingernails.
You sometimes gain a little power by taking damage.
You are partially covered in razor-sharp scales. (AC +1, Slay +1)


Message History

You draw life force from the goblin.
You kill the goblin!
You feel life coursing into your body.
The goblin shouts!
The goblin closely misses you.
A goblin comes into view. It is wielding a +0 club.
Robin hits you but does no damage. The goblin closely misses you.
Robin roars a battlecry!
The goblin goes into a battle-frenzy!
You hear a shout!
You see here a +0 club.
Robin flexes a bicep menacingly.
The goblin no longer looks unusually strong. x2
The goblin attacks as it pursues you! The goblin hits you but does no damage.
Casting: Vampiric Draining (dangerous; 4% risk of failure)
Confirm with . or Enter, or press ? or * to list all spells.
Aiming: Vampiric Draining (dangerous; 4% risk of failure)
Press: ? - help, Shift-Dir - straight line, f - goblin
Aim: a goblin, wielding a +0 club You draw life force from the goblin.
You feel life coursing into your body. The goblin hits you with a +0 club.
* * * LOW HITPOINT WARNING * * *
You sock the goblin!
You kill the goblin!
The hobgoblin no longer looks unusually strong.
The hobgoblin hits you but does no damage.
Robin throws the goblin at you! The goblin hits you but does no damage.
The hobgoblin attacks as it pursues you!
The hobgoblin hits you.
* * * LOW HITPOINT WARNING * * *
Robin roars a battlecry!
The goblins go into a battle-frenzy!
The goblin misses you.
The hobgoblin attacks as it pursues you!
The hobgoblin hits you but does no damage.
Robin throws the goblin at you! The goblin closely misses you.
The hobgoblin attacks as it pursues you!
The hobgoblin hits you.
You die...

#####..+ +.).# .......#
#g#.# .......# #...#
.......# #.g## .......#
#gg# .......# #g##
.......# #.#
#####+.#######+#######.#
#####+..........@g...g.#
...............g.g..####
...........##########
...........#
........#### ........#
## #...#+### #.###
#...#.# #.#.# #.....#
#.#.#


You could see Robin, a hobgoblin (strong) and 2 goblins.

Vanquished Creatures
  A scorpion (D:3)
  A bombardier beetle (D:3)
  2 adders
  A white imp (D:3)
  3 dart slugs
  3 ball pythons
  4 endoplasms
  8 goblins
  6 hobgoblins
  3 quokkas (D:2)
  7 bats
  6 kobolds
  7 rats
52 creatures vanquished.

Vanquished Creatures (collateral kills)
  A hobgoblin (D:1)
1 creature vanquished.

Grand Total: 53 creatures vanquished

Notes
Turn   | Place    | Note
-------+----------+-------------------------------------------
     0 | D:1      | chukamok the Demonspawn Necromancer began the quest for the
                  | Orb.
     0 | D:1      | Reached XP level 1. HP: 13/13 MP: 3/3
   354 | D:1      | Gained mutation: You are partially covered in razor-sharp
                  | scales. (AC +1, Slay +1) [demonic ancestry]
   354 | D:1      | Reached XP level 2. HP: 19/19 MP: 1/5
   650 | D:1      | You fall into a shaft and drop 1 floor!
   819 | D:2      | Identified the +6 mace "Hific" {venom, rElec rF- Will+
                  | Int+2}
   879 | D:2      | Gained mutation: You have sharp fingernails. [demonic
                  | ancestry]
   879 | D:2      | Reached XP level 3. HP: 24/24 MP: 2/6
  1128 | D:2      | Identified the +4 rapier of the Loving Bear {flame,
                  | ^Fragile Fly rPois Will+++}
  1199 | D:2      | Found a faded altar of an unknown god.
  1374 | D:2      | Found Sissed's Antique Armour Shop.
  1563 | D:3      | Learned a level 3 spell: Vampiric Draining
  1641 | D:3      | Reached skill level 5 in Necromancy
  1641 | D:3      | Gained mutation: You sometimes gain a little power by
                  | taking damage. [demonic ancestry]
  1641 | D:3      | Reached XP level 4. HP: 28/30 MP: 4/8
  1758 | D:3      | Found a sacrificial altar of Ru.
  1918 | D:3      | Found a bloodstained altar of Trog.
  1918 | D:3      | Found a stormy altar of Qazlal.
  1948 | D:3      | Noticed a scorpion
  1953 | D:3      | Killed a scorpion
  1954 | D:3      | Reached XP level 5. HP: 35/35 MP: 4/9
  2073 | D:3      | Noticed Robin
  2094 | D:3      | Slain by a hobgoblin

Illustrated notes

Levels and vault maps discovered:
D:1:      minmay_arrival_widening_spiral_wide, layout_basic
D:2:      layout_basic, hellmonk_ecumenical_altar_crossroads, serial_shops,
          nicolae_shop_tiny_statue_garden
D:3:      layout_basic, nicolae_ru_awakened_eye, jmf_multi_god_temple,
          serial_aquarium, aquarium_bridge_square [aquarium_subvault_wall,
          aquarium_subvault_bridge, aquarium_subvault_window,
          aquarium_subvault_window], aquarium_window_fake, aquarium_window_fake,
          aquarium_view_2e, aquarium_balcony_5b, aquarium_pool_side,
          minmay_door_square, uniq_robin

Skill      XL: |  1  2  3 |
---------------+----------+-----
Stealth        | 2 |  2.6
Dodging        | 2 |  2.5
Spellcasting   | 3 |  3.3
Necromancy     | 5 |  5.5

Action                     |  1- 3 |  4- 6 || total
---------------------------+-------+-------++-------
  Melee: Unarmed           |     8 |       ||     8
         Mace              |    12 |    13 ||    25
   Cast: Necrotise         |    44 |    15 ||    59
         Vampiric Draining |     1 |     2 ||     3
 Armour: Robe              |    10 |    24 ||    34
  Dodge: Dodged            |    12 |    12 ||    24

Table legend: (Time is in decaauts)
 A = Elapsed time spent in this place.
 B = Non-inter-level travel time spent in this place.
 C = Inter-level travel time spent in this place.
 D = Time resting spent in this place.
 E = Time spent auto-exploring this place.
 F = Levels seen in this place.
 G = Mean time per level.
                   A        B        C        D        E       F      G
               +--------+--------+--------+--------+--------+-----+--------+
         Total |   2101 |   2074 |     27 |     45 |     30 |   3 |  700.3 |
       Dungeon |   2101 |   2074 |     27 |     45 |     30 |   3 |  700.3 |
               +--------+--------+--------+--------+--------+-----+--------+

Top non-repeatable levels by time:
     D:1: 746 daAuts
     D:2: 725 daAuts
     D:3: 630 daAuts
